[Event "Wednesday Jan 10 Engine Tour 9 Rd Swiss 12m+1s Starts at 1600hrs ST"]
[Site "Infinity Chess"]
[Date "2018.1.10"]
[Round "9"]
[White "KULLANI"]
[Black "Satria_Ungu"]
[Result "1-0"]
[ECO "C55"]
[WhiteElo "2402"]
[BlackElo "2393"]
[WhiteEngine "BrainFish_180106_x64_CTG"]
[BlackEngine "Houdini 6_CTG"]
[EventType "Swiss"]
[WhiteTeam ""]
[BlackTeam ""]
[PlyCount "79"]
[TimeControl "720+1"]

1. e4 e5 2. Nf3 Nc6 3. Bc4 Nf6 4. d3 Bc5 5. c3 d6 6. O-O O-O 7. Bg5 a6 8. a4 h6 
9. Bh4 Kh8 10. b4 Ba7 11. Nbd2 Kh7 12. Bb3 g5 13. Bg3 Kg7 14. Nc4 Be6 15. h3 Qd7 
16. Re1 b5 17. Ncd2 Bxb3 18. Qxb3 Nh5 19. Nf1 Rae8 20. d4 Bb6 21. a5 Ba7 
22. Rad1 exd4 23. cxd4 f5 24. exf5 Rxe1 25. Rxe1 Rxf5 26. Rc1 Ne7 27. Ne3 Nxg3 
28. fxg3 Rxf3 29. gxf3 Bxd4 30. Kg2 c5 31. Qd3 Qe6 32. Re1 Qg6 33. Qxg6+ Kxg6 
34. Nc2 Kf6 35. Nxd4 cxd4 36. Kf2 Nc6 37. Re8 Nxb4 38. Rh8 Kg6 39. Rd8 d5 
40. Rd6+ 1-0

[Event "Wednesday Jan 10 Engine Tour 9 Rd Swiss 12m+1s Starts at 1600hrs ST"]
[Site "Infinity Chess"]
[Date "2018.1.10"]
[Round "9"]
[White "ocirema"]
[Black "PAKman"]
[Result "1/2-1/2"]
[ECO "C50"]
[WhiteElo "2407"]
[BlackElo "2375"]
[WhiteEngine "stockfish_18010422_x64_modern_CTG"]
[BlackEngine "Raubfisch ME262_GTZ16b1_CTG"]
[EventType "Swiss"]
[WhiteTeam ""]
[BlackTeam ""]
[PlyCount "102"]
[TimeControl "720+1"]

1. e4 e5 2. Nf3 Nc6 3. Bc4 Bc5 4. O-O Nf6 5. d3 d6 6. c3 a5 7. Re1 O-O 8. Bg5 h6 
9. Bh4 Ba7 10. Nbd2 g5 11. Bg3 Nh7 12. h3 g4 13. hxg4 Bxg4 14. Bd5 Ng5 
15. Qc2 Qf6 16. Nh4 Ne7 17. d4 exd4 18. e5 dxe5 19. Bxe5 Nh3+ 20. gxh3 Qxh4 
21. hxg4 Nxd5 22. Qf5 Ne7 23. Qf3 f5 24. gxf5 Rxf5 25. Bg3 Rxf3 26. Bxh4 Rf4 
27. Bxe7 dxc3 28. Ne4 cxb2 29. Rab1 Re8 30. Rxb2 Kf7 31. Rxb7 Rxe7 
32. Rxa7 Rfxe4 33. Rxe4 Rxe4 34. Rxa5 Rc4 35. Kg2 Ke6 36. Rh5 Ra4 37. Rxh6+ Kd5 
38. a3 c6 39. Rh5+ Ke6 40. f3 c5 41. Kf2 Rxa3 42. Rxc5 Ra6 43. f4 Ra3 
44. f5+ Kf6 45. Ke1 Ra6 46. Kd2 Ra2+ 47. Ke3 Ra3+ 48. Kd2 Ra1 49. Kc2 Ra2+ 
50. Kb3 Ra1 51. Rc6+ Kxf5 1/2-1/2

[Event "Wednesday Jan 10 Engine Tour 9 Rd Swiss 12m+1s Starts at 1600hrs ST"]
[Site "Infinity Chess"]
[Date "2018.1.10"]
[Round "9"]
[White "RonWeasley"]
[Black "MiKachomiKa QueeN"]
[Result "1/2-1/2"]
[ECO "A00"]
[WhiteElo "2433"]
[BlackElo "2416"]
[WhiteEngine "BrainFish 060118_CTG"]
[BlackEngine "stockfish_18010422_x64_modern_CTG"]
[EventType "Swiss"]
[WhiteTeam ""]
[BlackTeam ""]
[PlyCount "122"]
[TimeControl "720+1"]

1. a3 e5 2. e3 d5 3. d4 Nc6 4. dxe5 Nxe5 5. Nd2 Nf6 6. Ngf3 Nxf3+ 7. Nxf3 Be7 
8. c4 O-O 9. cxd5 Qxd5 10. Qxd5 Nxd5 11. e4 Nb6 12. Be3 Re8 13. O-O-O Be6 
14. Kb1 Bf6 15. Rc1 c6 16. Bd3 g6 17. Rhd1 Rad8 18. Rd2 Bg7 19. Kc2 Ra8 
20. Kb1 Rad8 21. Rcd1 Bb3 22. Rc1 Rd7 23. h3 h6 24. Be2 Rde7 25. Bd3 Rd7 
26. Bf1 Rxd2 27. Nxd2 Be6 28. Kc2 g5 29. g4 Rd8 30. f4 gxf4 31. Bxf4 Nd7 
32. Nc4 Nc5 33. Na5 Bc8 34. Bc4 Nxe4 35. Re1 Rd4 36. b4 Nf6 37. Bb8 h5 
38. Bxa7 Rf4 39. Rd1 Bd7 40. gxh5 b5 41. Be2 Rh4 42. Rd6 Rxh3 43. Nxc6 Bf5+ 
44. Bd3 Rh2+ 45. Kd1 Rh1+ 46. Ke2 Bxd3+ 47. Rxd3 Rxh5 48. Ne7+ Kh7 49. Bb8 Ng4 
50. Nc6 Rh6 51. Nd8 f5 52. Rd5 Ra6 53. Rxf5 Bf6 54. Bc7 Rxa3 55. Rxb5 Re3+ 
56. Kd2 Rc3 57. Rc5 Rxc5 58. bxc5 Bxd8 59. Bxd8 Ne5 60. Kc2 Kg7 61. Bc7 Nc6 
1/2-1/2

[Event "Wednesday Jan 10 Engine Tour 9 Rd Swiss 12m+1s Starts at 1600hrs ST"]
[Site "Infinity Chess"]
[Date "2018.1.10"]
[Round "9"]
[White "Thinker"]
[Black "miguello"]
[Result "1/2-1/2"]
[ECO "B06"]
[WhiteElo "2440"]
[BlackElo "2396"]
[WhiteEngine "BrainFish_180106_x64_modern_CTG"]
[BlackEngine "asmFishW_2017-11-19_popcnt_CTG"]
[EventType "Swiss"]
[WhiteTeam ""]
[BlackTeam ""]
[PlyCount "97"]
[TimeControl "720+1"]

1. e4 g6 2. d4 Bg7 3. Nc3 d6 4. Nf3 Nf6 5. Be2 O-O 6. O-O e6 7. h3 Nc6 8. Bf4 b6 
9. e5 dxe5 10. dxe5 Nd5 11. Nxd5 Qxd5 12. Qxd5 exd5 13. Rad1 Be6 14. Rfe1 h6 
15. c3 Ne7 16. Nd4 c5 17. Nxe6 fxe6 18. Be3 Nf5 19. Bc1 c4 20. g4 Ne7 21. f4 b5 
22. Kg2 Rab8 23. b3 Rf7 24. h4 Rbf8 25. bxc4 bxc4 26. Ba3 Re8 27. Rf1 g5 
28. f5 exf5 29. hxg5 hxg5 30. Bd6 fxg4 31. Rxf7 Kxf7 32. Bxg4 Ng6 33. Rf1+ Kg8 
34. Bd7 Rxe5 35. Bxe5 Bxe5 36. Be6+ Kh8 37. Bxd5 Nf4+ 38. Kf3 Nxd5 39. Ke4 Nxc3+ 
40. Kxe5 Nxa2 41. Kd4 c3 42. Rf2 Nb4 43. Kxc3 Nd5+ 44. Kd4 Nb6 45. Rf7 g4 
46. Rxa7 g3 47. Ke3 Nc4+ 48. Kf3 Kg8 49. Kxg3 1/2-1/2

[Event "Wednesday Jan 10 Engine Tour 9 Rd Swiss 12m+1s Starts at 1600hrs ST"]
[Site "Infinity Chess"]
[Date "2018.1.10"]
[Round "9"]
[White "SkyPilot"]
[Black "hafaba"]
[Result "1/2-1/2"]
[ECO "B00"]
[WhiteElo "2466"]
[BlackElo "2441"]
[WhiteEngine "stockfish_x64_bmi2_2018_01_01_CTG"]
[BlackEngine "Stockfish SL 07012018 POPCNT_CTG"]
[EventType "Swiss"]
[WhiteTeam ""]
[BlackTeam ""]
[PlyCount "67"]
[TimeControl "720+1"]

1. e4 Nc6 2. d4 d5 3. e5 Bf5 4. c3 e6 5. Ne2 f6 6. f4 h5 7. Ng3 Bg6 8. Bd3 Bxd3 
9. Qxd3 Qd7 10. Nd2 O-O-O 11. Nf3 h4 12. Ne2 Nce7 13. Bd2 Nf5 14. O-O-O Ngh6 
15. h3 Ng8 16. Kb1 Kb8 17. b3 Nge7 18. c4 dxc4 19. bxc4 Qa4 20. Qb3 Qxb3+ 
21. axb3 Nc6 22. Bc3 Be7 23. Kb2 a5 24. Rd3 Bb4 25. Rhd1 b6 26. Bxb4 Nxb4 
27. R3d2 Rhf8 28. Nc3 fxe5 29. Nxe5 Kb7 30. Ne4 Ne3 31. Re1 Nf5 32. Red1 Ne3 
33. Re1 Nf5 34. Red1 1/2-1/2

[Event "Wednesday Jan 10 Engine Tour 9 Rd Swiss 12m+1s Starts at 1600hrs ST"]
[Site "Infinity Chess"]
[Date "2018.1.10"]
[Round "9"]
[White "Vimtiroba"]
[Black "Marsell"]
[Result "1/2-1/2 "]
[ECO "C55"]
[WhiteElo "2468"]
[BlackElo "2479"]
[WhiteEngine "CChess@Extended_CTG"]
[BlackEngine "asmFishW_2017-12-07_popcnt"]
[EventType "Swiss"]
[WhiteTeam ""]
[BlackTeam ""]
[PlyCount "245"]
[TimeControl "720+1"]

1. e4 e5 2. Nf3 Nc6 3. Bc4 Nf6 4. d3 Bc5 5. c3 d6 6. O-O O-O 7. a4 a5 8. Bg5 h6 
9. Bh4 g5 10. Bg3 Ba7 11. Na3 Ne7 12. Re1 Nh5 13. Nc2 Nf4 14. d4 Neg6 
15. dxe5 g4 16. Nh4 Nxe5 17. Bb3 Nfd3 18. Re2 Qg5 19. Nd4 Nf4 20. Re1 Bd7 
21. Nhf5 Neg6 22. Kh1 Bxd4 23. Qxd4 Nh5 24. Ne3 b6 25. Rf1 Rad8 26. Rae1 Ne5 
27. Bd5 Rde8 28. Qd1 Kh8 29. Qd4 f6 30. Ba2 Rd8 31. Qd1 Ra8 32. Nd5 Ra7 
33. Kg1 Qg7 34. Ne3 Qg5 35. Nd5 Qg7 36. Re3 Be6 37. Re2 Bd7 38. Qc2 Qg6 
39. Re3 Qg7 40. Rd1 Bc6 41. Nf4 Nxf4 42. Bxf4 Ng6 43. Bg3 Ne5 44. Bf4 Ng6 
45. Bg3 Ne5 46. Be6 Raa8 47. h4 Rfe8 48. Bb3 h5 49. Qd2 Re7 50. Qd4 Rae8 
51. Rb1 Qh7 52. Bc2 Qf7 53. b3 Bd7 54. Ree1 Kg7 55. Re2 Ng6 56. Re3 Bc6 
57. Rbe1 Ne5 58. Kh1 Nd7 59. R3e2 Bb7 60. Kh2 Ne5 61. Qd1 Bc6 62. Kh1 Bb7 
63. Re3 Ng6 64. Kg1 Ne5 65. Qb1 Ng6 66. Qd1 Ne5 67. Kh2 Bc6 68. R1e2 Bd7 
69. Qe1 Be6 70. Qb1 Rb8 71. Qd1 Nd7 72. Re1 Nc5 73. c4 Bd7 74. Qd2 Rbe8 
75. R3e2 Kg8 76. f3 gxf3 77. gxf3 Qe6 78. Rg2 Rg7 79. Qd5 Kf8 80. Rh1 Qf7 
81. Rhg1 Qe6 82. Qxe6 Nxe6 83. Bd1 Ree7 84. Be1 Rxg2+ 85. Rxg2 Nf4 86. Rg1 Kf7 
87. Bd2 Ng6 88. Kg3 Re8 89. Kf2 Ne5 90. Bh6 Ng6 91. Bc1 Ne5 92. Bd2 Nd3+ 
93. Ke3 Ne5 94. Be2 f5 95. Rg5 fxe4 96. fxe4 Bg4 97. Bc3 Bxe2 98. Rf5+ Kg6 
99. Kxe2 Nd7 100. Kf3 Nc5 101. Rf6+ Kh7 102. Rf7+ Kg8 103. Rg7+ Kf8 
104. Rxc7 Nxb3 105. Rh7 Nc5 106. Rxh5 Nxa4 107. Bd4 Nc5 108. Rh7 Nb3 
109. Ke3 Nc5 110. Kf3 Nb3 111. Be3 a4 112. Bh6+ Kg8 113. Rg7+ Kh8 114. Ra7 Na5 
115. Bg7+ Kg8 116. h5 a3 117. h6 Kh7 118. Bc3+ Kxh6 119. Bxa5 bxa5 120. Rxa5 Rc8 
121. Rxa3 Rxc4 122. e5 dxe5 123. Ra5 1/2-1/2

[Event "Wednesday Jan 10 Engine Tour 9 Rd Swiss 12m+1s Starts at 1600hrs ST"]
[Site "Infinity Chess"]
[Date "2018.1.10"]
[Round "9"]
[White "THE_MACHINE"]
[Black "MGR"]
[Result "1/2-1/2"]
[ECO "B12"]
[WhiteElo "2523"]
[BlackElo "2482"]
[WhiteEngine "Houdini 6"]
[BlackEngine "asmFishW_2017-11-19_bmi2"]
[EventType "Swiss"]
[WhiteTeam ""]
[BlackTeam ""]
[PlyCount "121"]
[TimeControl "720+1"]

1. e4 c6 2. d4 d5 3. e5 c5 4. Nf3 cxd4 5. Nxd4 Nc6 6. c4 e6 7. Nc3 Bc5 
8. Nxc6 bxc6 9. cxd5 cxd5 10. b4 Be7 11. Rb1 Bd7 12. Be3 a5 13. b5 Nh6 
14. Bd3 Bb4 15. Rb3 Rc8 16. Bd2 O-O 17. O-O Qh4 18. h3 f5 19. exf6 Rxf6 
20. Na4 Bxd2 21. Nb6 a4 22. Ra3 Bf4 23. Nxd7 Rf7 24. Rxa4 Qe7 25. Rxf4 Rxf4 
26. Ne5 Qd6 27. Nc6 Rcf8 28. a4 Qc5 29. a5 Rxf2 30. Rxf2 Rxf2 31. Kh1 Ra2 
32. a6 Qe3 33. a7 Ra3 34. Bc2 Rxa7 35. Nxa7 Qxa7 36. Qb1 Qb6 37. Bxh7+ Kf7 
38. Qd3 Ke7 39. Qa3+ Kf7 40. Bd3 Nf5 41. Bxf5 exf5 42. Qd3 Ke6 43. g4 Kd6 
44. gxf5 d4 45. h4 Kc5 46. Qc2+ Kxb5 47. Qe2+ Ka4 48. Qa2+ Kb5 49. Qb1+ Ka5 
50. Qxb6+ Kxb6 51. Kg2 Kc5 52. h5 Kc4 53. Kf3 d3 54. h6 gxh6 55. f6 Kc3 
56. f7 d2 57. f8=Q d1=Q+ 58. Kg2 h5 59. Qf2 Kc4 60. Qf1+ Qxf1+ 61. Kxf1 1/2-1/2

[Event "Wednesday Jan 10 Engine Tour 9 Rd Swiss 12m+1s Starts at 1600hrs ST"]
[Site "Infinity Chess"]
[Date "2018.1.10"]
[Round "9"]
[White "Dovahkiin"]
[Black "xeonrocks"]
[Result "1/2-1/2"]
[ECO ""]
[WhiteElo "2438"]
[BlackElo "2533"]
[WhiteEngine "BrainFish_180106_x64_modern_CTG"]
[BlackEngine "asmFishW_CTG"]
[EventType "Swiss"]
[WhiteTeam ""]
[BlackTeam ""]
[PlyCount "201"]
[TimeControl "720+1"]

1. e3 Nf6 2. d3 c5 3. d4 g6 4. Nf3 Bg7 5. Be2 d5 6. O-O O-O 7. dxc5 Ne4 
8. Nc3 Bxc3 9. bxc3 Nxc3 10. Qe1 Nxe2+ 11. Qxe2 Qc7 12. c4 Qxc5 13. cxd5 Qxd5 
14. e4 Qh5 15. Rb1 b6 16. Qe3 Qc5 17. Qxc5 bxc5 18. Ba3 Na6 19. Rb5 Rd8 
20. h3 Be6 21. Ra5 Rd6 22. Bc1 Bc4 23. Re1 Nb4 24. Bf4 Re6 25. Rc1 Rxe4 
26. Be3 Nxa2 27. Ra1 Bd5 28. Bxc5 Nc3 29. Rxa7 Rxa7 30. Rxa7 Kf8 31. Kh2 f6 
32. Nd4 Bf7 33. f3 Re5 34. Bb4 Nd5 35. Bd2 Be8 36. Rb7 Ba4 37. h4 Ne3 
38. Bb4 Nc2 39. Nxc2 Bxc2 40. Kg3 h6 41. Kf2 Ke8 42. g4 h5 43. gxh5 gxh5 
44. Rb8+ Kf7 45. Rb7 Bd1 46. Rd7 Re2+ 47. Kg3 Ba4 48. Ra7 Bb5 49. Rc7 Bd3 
50. Ra7 Bc2 51. Rb7 Bd1 52. Rd7 Bc2 53. Ra7 Bd3 54. Rc7 Ke8 55. Rc8+ Kd7 
56. Rc5 Bg6 57. Ra5 Ke8 58. Ra8+ Kd7 59. Ra7+ Ke8 60. Ra8+ Kf7 61. Ra7 Bd3 
62. Rd7 Bf5 63. Ra7 Bg6 64. Rc7 Bb1 65. Bc5 Bf5 66. Ra7 Re6 67. Bb4 Bb1 
68. Ba3 Re5 69. Bb2 Re3 70. Kf4 Re6 71. Ba3 Bd3 72. Bc5 Re5 73. Bd6 Re2 
74. Bc5 Re5 75. Bd6 Re6 76. Ba3 Bb5 77. Bb4 Bd3 78. Kg3 Bb5 79. Rb7 Be8 
80. Kf2 Bc6 81. Ra7 Bb5 82. Kg3 Be2 83. Rd7 Bf1 84. Ra7 Bd3 85. Ba3 Bf5 
86. Rc7 Re2 87. Ra7 Ke8 88. Ra8+ Kf7 89. Ra7 Bd3 90. Rc7 Bb1 91. Bc5 Ba2 
92. Ra7 Kg6 93. Bxe7 Bd5 94. Rd7 Bc6 95. Rd6 Bxf3 96. Rxf6+ Kg7 97. Rf5 Rxe7 
98. Kxf3 Kg6 99. Rf8 Rd7 100. Rg8+ Kh7 101. Rg5 1/2-1/2

[Event "Wednesday Jan 10 Engine Tour 9 Rd Swiss 12m+1s Starts at 1600hrs ST"]
[Site "Infinity Chess"]
[Date "2018.1.10"]
[Round "8"]
[White "PAKman"]
[Black "Klaus"]
[Result "1/2-1/2"]
[ECO "C53"]
[WhiteElo "2373"]
[BlackElo "2419"]
[WhiteEngine "Raubfisch ME262_GTZ16b1_CTG"]
[BlackEngine "asmFishW_2017-11-19_bmi2"]
[EventType "Swiss"]
[WhiteTeam ""]
[BlackTeam ""]
[PlyCount "103"]
[TimeControl "720+1"]

1. e4 e5 2. Nf3 Nc6 3. Bc4 Bc5 4. c3 Nf6 5. d3 d6 6. O-O a5 7. Re1 O-O 
8. Nbd2 h6 9. h3 Be6 10. Bb5 Qb8 11. Nf1 Qa7 12. Re2 a4 13. Ng3 Qa5 
14. Bxc6 bxc6 15. Nh4 Rfe8 16. Re1 d5 17. exd5 cxd5 18. Rxe5 Bf8 19. Qc2 c5 
20. Bd2 Nd7 21. Re3 Rab8 22. Rae1 c4 23. d4 a3 24. bxa3 Nf6 25. Bc1 Rb6 
26. Nhf5 Ra8 27. Rf3 Ne4 28. Rfe3 Nf6 29. Qd1 Bd7 30. Qe2 Raa6 31. Nh4 Bxa3 
32. Bxa3 Qxa3 33. Nhf5 Kh7 34. Qf3 Rb2 35. Re5 Rc2 36. Ne2 Rxa2 37. Nf4 Ra1 
38. Rxa1 Qxa1+ 39. Kh2 Bxf5 40. Rxf5 Ne4 41. Rxf7 Nd2 42. Rxg7+ Kh8 
43. Ng6+ Kxg7 44. Qf8+ Kxg6 45. Qe8+ Kf5 46. g4+ Kg5 47. Qe5+ Kg6 48. Qe8+ Kh7 
49. Qe7+ Kg6 50. Qe8+ Kh7 51. Qe7+ Kg6 52. Qe8+ 1/2-1/2

[Event "Wednesday Jan 10 Engine Tour 9 Rd Swiss 12m+1s Starts at 1600hrs ST"]
[Site "Infinity Chess"]
[Date "2018.1.10"]
[Round "8"]
[White "Vimtiroba"]
[Black "MarioDeMonti"]
[Result "1-0"]
[ECO "B23"]
[WhiteElo "2454"]
[BlackElo "2409"]
[WhiteEngine "CChess@Extended_CTG"]
[BlackEngine "stockfish_x64_bmi2_2017_12_26_CTG"]
[EventType "Swiss"]
[WhiteTeam ""]
[BlackTeam ""]
[PlyCount "124"]
[TimeControl "720+1"]

1. e4 c5 2. Nc3 a6 3. Nf3 d6 4. d4 cxd4 5. Nxd4 Nf6 6. Be3 e5 7. Nb3 Be6 
8. Be2 Be7 9. Qd3 Nbd7 10. Nd5 O-O 11. O-O Bxd5 12. exd5 b6 13. Bd2 Re8 
14. c3 g6 15. a4 Nc5 16. Nxc5 bxc5 17. a5 Qc7 18. Qc4 Reb8 19. Rfb1 Rc8 
20. Be3 Qd7 21. h3 Bd8 22. Qa2 Qf5 23. b4 cxb4 24. g4 Qd7 25. cxb4 Ne4 
26. Rc1 Bg5 27. Qb3 Rcb8 28. Bxg5 Nxg5 29. Rc4 f5 30. Rac1 Qd8 31. h4 Nf7 
32. Qh3 Qf6 33. g5 Qd8 34. Kg2 Kg7 35. Qc3 h6 36. gxh6+ Kxh6 37. Rc6 f4 
38. Bd3 Ra7 39. Rg1 e4 40. Bxe4 Qe7 41. Qf3 Qf6 42. Kf1 Ne5 43. Qc3 Rf8 
44. f3 Kh7 45. Rb6 Kh6 46. Rg5 Rg8 47. Ke2 Rf8 48. Qd4 Rff7 49. Qa1 Rf8 
50. Qb2 Raa8 51. Qa3 Rfe8 52. Qa1 Rg8 53. Qc1 Raf8 54. Rxa6 Nf7 55. Rg2 Ne5 
56. Ra7 Rc8 57. Rc7 Rxc7 58. Qxc7 Re8 59. Rg1 Nf7 60. Qc1 Kg7 61. Rg4 Ne5 
62. Rxf4 Qe7 1-0

[Event "Wednesday Jan 10 Engine Tour 9 Rd Swiss 12m+1s Starts at 1600hrs ST"]
[Site "Infinity Chess"]
[Date "2018.1.10"]
[Round "8"]
[White "angriff"]
[Black "RonWeasley"]
[Result "1/2-1/2"]
[ECO "C11"]
[WhiteElo "2407"]
[BlackElo "2434"]
[WhiteEngine "SF_64BIT_POPCNT_CTG"]
[BlackEngine "BrainFish 060118_CTG"]
[EventType "Swiss"]
[WhiteTeam ""]
[BlackTeam ""]
[PlyCount "88"]
[TimeControl "720+1"]

1. e4 e6 2. d4 d5 3. Nc3 Nf6 4. e5 Nfd7 5. f4 c5 6. Nf3 Nc6 7. Be3 cxd4 
8. Nxd4 Qb6 9. a3 Bc5 10. Na4 Qa5+ 11. Nc3 Qb6 12. Na4 Qa5+ 13. c3 Bxd4 
14. Bxd4 Nxd4 15. Qxd4 O-O 16. Bd3 b6 17. Qb4 Qxb4 18. axb4 g5 19. O-O gxf4 
20. Rae1 f6 21. exf6 Rxf6 22. c4 Bb7 23. cxd5 Bxd5 24. Nc3 Raf8 25. Nxd5 exd5 
26. Rf3 R8f7 27. Rh3 f3 28. Rxf3 Rxf3 29. gxf3 Rxf3 30. Bxh7+ Kxh7 31. Re7+ Kg6 
32. Rxd7 Rb3 33. Rd6+ Kf5 34. Rxd5+ Ke6 35. Rd2 Rxb4 36. Rf2 a5 37. Kg2 Rb3 
38. h3 a4 39. h4 a3 40. Re2+ Kd5 41. bxa3 Rxa3 42. h5 Ra4 43. Kh3 b5 
44. Re1 Ra3+ 1/2-1/2

[Event "Wednesday Jan 10 Engine Tour 9 Rd Swiss 12m+1s Starts at 1600hrs ST"]
[Site "Infinity Chess"]
[Date "2018.1.10"]
[Round "8"]
[White "Satria_Ungu"]
[Black "miguello"]
[Result "1/2-1/2"]
[ECO "A46"]
[WhiteElo "2393"]
[BlackElo "2396"]
[WhiteEngine "Houdini 6_CTG"]
[BlackEngine "asmFishW_2017-11-19_popcnt_CTG"]
[EventType "Swiss"]
[WhiteTeam ""]
[BlackTeam ""]
[PlyCount "257"]
[TimeControl "720+1"]

1. d4 Nf6 2. Nf3 d5 3. e3 e6 4. c4 c6 5. b3 Nbd7 6. Bd3 Bd6 7. Bb2 O-O 8. O-O b6 
9. Nbd2 Bb7 10. Ne5 Qe7 11. Qe2 c5 12. Rac1 cxd4 13. exd4 Rad8 14. Rfd1 Ba3 
15. Bxa3 Qxa3 16. Nb1 Qa5 17. Nxd7 Nxd7 18. Nc3 Nf6 19. Qe3 Rd7 20. Rb1 Qb4 
21. a3 Qe7 22. a4 Bc6 23. Ra1 Qb4 24. f3 Rb8 25. Rdc1 dxc4 26. bxc4 h6 
27. Rcb1 Qd6 28. Ne2 Rdd8 29. Ra2 Ne8 30. Qc1 Qc7 31. Qd2 Nd6 32. Qf4 Qc8 
33. h3 Nb7 34. Nc3 Nd6 35. Rc2 Qc7 36. Rbc1 Qd7 37. d5 exd5 38. cxd5 Bb7 
39. Qe5 Qe8 40. f4 Qf8 41. Kh2 Rd7 42. Re2 Rc8 43. Rd1 Rc5 44. Bb1 Rc8 
45. Qd4 Ba6 46. Re5 Rcd8 47. Rde1 Kh8 48. R1e3 Rc7 49. Rh5 f6 50. Re6 Kg8 
51. Nb5 Bxb5 52. axb5 Re7 53. Qe3 Rxe6 54. dxe6 Qe7 55. Rd5 Kf8 56. f5 Ne8 
57. Rxd8 Qxd8 58. h4 Nd6 59. Qa3 Qe7 60. Qb3 Qc7 61. Kh3 Qc5 62. Qf3 Kg8 
63. Ba2 Kf8 64. Qa8+ Ne8 65. Bd5 Qe3+ 66. Bf3 Qd3 67. Qe4 Qxe4 68. Bxe4 Nc7 
69. Bd3 Nd5 70. Kg4 Ke7 71. g3 Kd6 72. h5 Ke5 73. Kh4 Kd4 74. Be2 Kc5 
75. Kg4 Nc7 76. Kf4 Nd5+ 77. Ke4 Nc3+ 78. Kf3 Nd5 79. g4 Ne7 80. Bd3 Nd5 
81. Kg2 Ne7 82. Kh3 Nd5 83. Kg3 Ne7 84. Kf4 Nd5+ 85. Kf3 Ne7 86. Ke2 Kd4 
87. Kd2 Nd5 88. Bf1 Ne7 89. Ke2 Kc5 90. Kf3 Nd5 91. Kf2 Kd6 92. Kg1 Ne3 
93. Be2 Nd5 94. Kg2 Kc5 95. Bf1 Nc7 96. Kh3 Nd5 97. Kh4 Ne7 98. Be2 Nd5 
99. Kg3 Ne7 100. Kf3 Kd5 101. Ke3 Kd6 102. Bf1 Kc5 103. Kf2 Kd6 104. Kg3 Kc5 
105. Bd3 Nd5 106. Bf1 Nc7 107. Be2 Nd5 108. Bf1 Nc7 109. Kh2 Kd4 110. Be2 Ke3 
111. Bc4 Kd4 112. Bf1 Kc5 113. Be2 Kd5 114. Kg3 Kc5 115. Kf3 Nd5 116. Bd3 Ne7 
117. Ke2 Nd5 118. Ke1 Ne7 119. Be2 Nd5 120. Bf3 Ne7 121. Be2 Nd5 122. Bd3 Ne7 
123. Kd2 Nd5 124. Kc2 Nc7 125. Kd2 Nd5 126. Bf1 Ne7 127. Be2 Nd5 128. Bf1 Nc7 
129. Kc3 1/2-1/2

[Event "Wednesday Jan 10 Engine Tour 9 Rd Swiss 12m+1s Starts at 1600hrs ST"]
[Site "Infinity Chess"]
[Date "2018.1.10"]
[Round "8"]
[White "MiKachomiKa QueeN"]
[Black "ocirema"]
[Result "1/2-1/2"]
[ECO "C50"]
[WhiteElo "2416"]
[BlackElo "2407"]
[WhiteEngine "stockfish_18010422_x64_modern_CTG"]
[BlackEngine "stockfish_18010422_x64_modern_CTG"]
[EventType "Swiss"]
[WhiteTeam ""]
[BlackTeam ""]
[PlyCount "129"]
[TimeControl "720+1"]

1. e4 e5 2. Nf3 Nc6 3. Bc4 Bc5 4. d3 Nf6 5. c3 O-O 6. O-O d6 7. Nbd2 a6 
8. Bb3 Ba7 9. Re1 Ng4 10. Rf1 Kh8 11. h3 Nh6 12. Nc4 f5 13. Be3 Bxe3 14. Nxe3 f4 
15. Nc4 g5 16. Nh2 Qf6 17. g4 Ng8 18. Re1 Bd7 19. a4 Rae8 20. Nd2 Kg7 
21. Ndf3 Qg6 22. Kh1 Nf6 23. Rg1 h6 24. a5 Rh8 25. h4 Rb8 26. Rg2 Rbe8 
27. Bc4 Re7 28. b4 Qe8 29. Qe2 Nd8 30. Re1 Nf7 31. Kg1 Kf8 32. h5 Qc8 33. Nd2 b5 
34. axb6 cxb6 35. Rc1 Kg7 36. f3 a5 37. bxa5 bxa5 38. d4 Qc7 39. Qd3 Rc8 
40. Kh1 Nd8 41. Rgg1 Be8 42. Rb1 a4 43. Rb2 Qa7 44. Ra1 Rec7 45. Nhf1 Ra8 
46. Bd5 Qa6 47. Bc4 Qc8 48. Ra3 Rca7 49. Bb5 Bxb5 50. Rxb5 Qa6 51. Qb1 Rc7 
52. Qb4 Nf7 53. dxe5 dxe5 54. Rb6 Qd3 55. Kg1 Rac8 56. Rxa4 Qe2 57. Qb3 Nxg4 
58. Rg6+ Kh8 59. Qe6 Qf2+ 60. Kh1 Qh4+ 61. Kg2 Qf2+ 62. Kh3 Qh4+ 63. Kg2 Qf2+ 
64. Kh3 Qh4+ 65. Kg2 1/2-1/2

[Event "Wednesday Jan 10 Engine Tour 9 Rd Swiss 12m+1s Starts at 1600hrs ST"]
[Site "Infinity Chess"]
[Date "2018.1.10"]
[Round "8"]
[White "hafaba"]
[Black "MGR"]
[Result "1/2-1/2"]
[ECO "D13"]
[WhiteElo "2439"]
[BlackElo "2484"]
[WhiteEngine "Stockfish SL 07012018 POPCNT_CTG"]
[BlackEngine "asmFishW_2017-11-19_bmi2"]
[EventType "Swiss"]
[WhiteTeam ""]
[BlackTeam ""]
[PlyCount "70"]
[TimeControl "720+1"]

1. d4 d5 2. c4 c6 3. Nf3 Nf6 4. cxd5 cxd5 5. Nc3 g6 6. Bf4 Nc6 7. e3 Bg7 
8. h3 O-O 9. Qb3 Na5 10. Qb4 Nc6 11. Qb3 Na5 12. Qa3 Bf5 13. Nd2 a6 14. g4 Bd7 
15. Bg2 Re8 16. O-O Rc8 17. Rfc1 e6 18. Be5 Nc6 19. Qb3 b5 20. Bg3 Qe7 
21. Qd1 Na5 22. a3 Nc4 23. Nxc4 bxc4 24. Rab1 Red8 25. Bh4 h6 26. Bf1 Rc6 
27. Bg2 Rcc8 28. Bf3 Bc6 29. b3 g5 30. Bg3 Qxa3 31. bxc4 dxc4 32. Ra1 Qb2 
33. Rab1 Qa3 34. Ra1 Qb2 35. Rab1 Qa3 1/2-1/2

[Event "Wednesday Jan 10 Engine Tour 9 Rd Swiss 12m+1s Starts at 1600hrs ST"]
[Site "Infinity Chess"]
[Date "2018.1.10"]
[Round "8"]
[White "ivrdurant"]
[Black "Thinker"]
[Result "1/2-1/2"]
[ECO "C53"]
[WhiteElo "2445"]
[BlackElo "2440"]
[WhiteEngine "Raubfisch X37b1."]
[BlackEngine "BrainFish_180106_x64_modern_CTG"]
[EventType "Swiss"]
[WhiteTeam ""]
[BlackTeam ""]
[PlyCount "101"]
[TimeControl "720+1"]

1. e4 e5 2. Nf3 Nc6 3. Bc4 Bc5 4. c3 Nf6 5. d3 d6 6. O-O O-O 7. Bg5 h6 8. Bh4 a5 
9. a4 Be6 10. Nbd2 Qe7 11. Re1 g5 12. Bg3 Ne8 13. Bxe6 fxe6 14. Nc4 Qf7 
15. Qb3 Rb8 16. Rf1 Ng7 17. Qb5 Qe8 18. Rad1 Nh5 19. d4 exd4 20. cxd4 Ba7 
21. Ne3 Rxf3 22. gxf3 Bxd4 23. Ng4 Qg6 24. Kh1 e5 25. h4 Nxg3+ 26. fxg3 gxh4 
27. Qb3+ Kh8 28. Kg2 h3+ 29. Kxh3 h5 30. Ne3 Rg8 31. Rg1 Qg5 32. f4 Qg6 
33. Rde1 Bc5 34. Qd3 Nb4 35. Qd1 d5 36. f5 Qg5 37. Nxd5 Bf2 38. Qf3 Qg4+ 
39. Kg2 Bxg1 40. Rxg1 Nxd5 41. exd5 h4 42. Qxg4 Rxg4 43. Kf3 Rxg3+ 44. Rxg3 hxg3 
45. Kxg3 Kg7 46. Kf3 Kf7 47. Ke3 Ke7 48. Kd3 Kf7 49. Ke3 Ke7 50. Kf3 Kf7 51. Ke3 
1/2-1/2

[Event "Wednesday Jan 10 Engine Tour 9 Rd Swiss 12m+1s Starts at 1600hrs ST"]
[Site "Infinity Chess"]
[Date "2018.1.10"]
[Round "8"]
[White "xeonrocks"]
[Black "SkyPilot"]
[Result "1-0"]
[ECO "C50"]
[WhiteElo "2519"]
[BlackElo "2480"]
[WhiteEngine "asmFishW_CTG"]
[BlackEngine "stockfish_x64_bmi2_2018_01_01_CTG"]
[EventType "Swiss"]
[WhiteTeam ""]
[BlackTeam ""]
[PlyCount "50"]
[TimeControl "720+1"]

1. e4 e5 2. Nf3 Nc6 3. Bc4 Bc5 4. O-O Nf6 5. d3 d6 6. c3 O-O 7. h3 a6 8. Re1 b5 
9. Bb3 Bb6 10. a4 b4 11. Bg5 Rb8 12. Nbd2 bxc3 13. bxc3 h6 14. Bh4 Be6 
15. Bd5 Na5 16. d4 exd4 17. cxd4 g5 18. Nxg5 hxg5 19. Bxg5 Bxd4 20. Ra3 Re8 
21. Rg3 Kf8 22. Nf3 Bc3 23. Qc1 Bxe1 24. Bh4 Bxd5 25. Qh6+ Ke7 1-0

[Event "Wednesday Jan 10 Engine Tour 9 Rd Swiss 12m+1s Starts at 1600hrs ST"]
[Site "Infinity Chess"]
[Date "2018.1.10"]
[Round "8"]
[White "Marsell"]
[Black "Gilgamesch"]
[Result "1/2-1/2"]
[ECO "B53"]
[WhiteElo "2478"]
[BlackElo "2515"]
[WhiteEngine "asmFishW_2017-12-07_popcnt"]
[BlackEngine "BrainFish_171005_x64_bmi2"]
[EventType "Swiss"]
[WhiteTeam ""]
[BlackTeam ""]
[PlyCount "61"]
[TimeControl "720+1"]

1. e4 c5 2. Nf3 d6 3. d4 Nf6 4. Nc3 cxd4 5. Nxd4 a6 6. Be3 e5 7. Nb3 Be6 
8. f3 Be7 9. Qd2 Nbd7 10. g4 O-O 11. O-O-O b5 12. g5 Nh5 13. Nd5 Bxd5 
14. exd5 f6 15. gxf6 Bxf6 16. Na5 Qe8 17. Bh3 Nf4 18. Bxf4 exf4 19. Rhe1 Ne5 
20. Re4 Qg6 21. Qe2 Kh8 22. Be6 Bd8 23. Nc6 Nc4 24. Kb1 Bb6 25. a4 Qg5 
26. Rh1 Qh5 27. Ka1 Be3 28. Rd1 Bb6 29. Rh1 Be3 30. Rd1 Bb6 31. Rh1 1/2-1/2